 Dungeon Crawl Stone Soup version 0.25.1-2-g60ff931df9 (webtiles) character file.

Game seed: 8807517523409111896

524 pokeman the Magician (level 7, -5/39 HPs)
             Began as a Deep Elf Wizard on Oct 23, 2020.
             Was an Initiate of Vehumet.
             Slain by hawla's ghost (11 damage)
             ... on level 3 of the Dungeon.
             The game lasted 00:13:42 (5301 turns).

pokeman the Magician (Deep Elf Wizard)              Turns: 5301, Time: 00:13:44

Health: -5/39      AC:  4    Str:  4    XL:     7   Next: 2%
Magic:  8/19       EV: 12    Int: 25    God:    Vehumet [......]
Gold:   111        SH:  0    Dex: 13    Spells: 8/19 levels left

rFire    . . .     SeeInvis .   v - +3 great sword (freeze)
rCold    . . .     Gourm    .   (shield currently unavailable)
rNeg     . . .     Faith    .   k - +0 leather armour
rPois    .         Spirit   .   b - +0 hat
rElec    .         Reflect  .   (no cloak)
rCorr    .         Harm     .   (no gloves)
MR       .....                  j - +0 pair of boots
Stlth    ++........             (no amulet)
HPRegen  0.13/turn              (no ring)
MPRegen  0.16/turn              (no ring)

@: very slightly contaminated
A: no striking features
a: Renounce Religion


You were on level 3 of the Dungeon.
You worshipped Vehumet.
Vehumet was noncommittal.
You were not hungry.

You visited 1 branch of the dungeon, and saw 3 of its levels.

You collected 111 gold pieces.

Inventory:

Hand Weapons
 u - a +0 arbalest
 v - a +3 great sword of freezing (weapon)
Missiles
 l - 22 bolts
Armour
 b - a +0 hat (worn)
 j - a +0 pair of boots (worn)
 k - a +0 leather armour (worn)
Scrolls
 e - 4 scrolls of teleportation {unknown}
 h - a scroll of fog {unknown}
 i - 4 scrolls of remove curse {unknown}
 n - a scroll of noise {unknown}
 o - a scroll of blinking {unknown}
 p - 2 scrolls of magic mapping {unknown}
 q - 2 scrolls of identify {unknown}
Potions
 a - a potion of brilliance
 c - a potion of might
 f - a potion of flight {unknown}
 m - 2 potions of berserk rage {unknown}
 r - a potion of degeneration {unknown}
 s - a potion of haste {unknown}
 t - a potion of lignification {unknown}
Comestibles
 d - 5 rations


   Skills:
 + Level 1.7 Fighting
 - Level 1.0 Armour
 - Level 3.0 Dodging
 - Level 3.0 Stealth
 * Level 6.6 Spellcasting
 * Level 4.1 Conjurations
 - Level 1.1 Summonings
 - Level 1.1 Translocations
 + Level 2.1 Fire Magic
 - Level 2.1 Air Magic
 - Level 1.0 Poison Magic


You had 8 spell levels left.
You knew the following spells:

 Your Spells              Type           Power        Failure   Level  Hunger
a - Magic Dart            Conj           ####         2%          1    None
b - Mephitic Cloud        Conj/Pois/Air  ###.....     13%         3    None
c - Call Imp              Summ           ##......     12%         2    None
d - Blink                 Tloc           N/A          12%         2    None
e - Conjure Flame         Conj/Fire      ###.....     10%         3    None

Your spell library contained the following spells:

 Spells                   Type           Power        Failure   Level  Hunger
 Beastly Appendage        Tmut           #.....       12%         1    None
 Slow                     Hex            #.......     19%         2    None
 Sticks to Snakes         Tmut           #.......     19%         2    None
 Spider Form              Tmut/Pois      ##........   28%         3    None
 Ice Form                 Ice/Tmut       #.......     77%         4    ###....
 Blade Hands              Tmut           #.........   98%         5    #####..


Dungeon Overview and Level Annotations

Branches:
Dungeon (3/15)

Altars:
Vehumet

Annotations:
D:3 Morgon's ghost, amateur HaAK; hawla's ghost, novice MiBe


Message History

Okay, then.
Firing (i - inventory)
l - 23 bolts (quivered)
Press: ? - help, Shift-Dir - straight line, f/p - Morgon's ghost
Aim: Morgon's ghost (lightly damaged) Really fire in your white imp's direction?
You shoot a bolt.
The bolt completely misses hawla's ghost.
The bolt barely misses Morgon's ghost.
The bolt closely misses your white imp.
Hawla's ghost is engulfed in blazing flames.
Hawla's ghost closely misses you.
Hawla's ghost is engulfed in blazing flames.
Hawla's ghost hits you!
Your +3 great sword of freezing glows with a cold blue light!
v - a +3 great sword of freezing (weapon)
Your crimson imp blinks!
Hawla's ghost is engulfed in blazing flames.
Hawla's ghost hits you!
* * * LOW HITPOINT WARNING * * *
You are electrocuted!
You die...

#..#.#..# #......#............#
##.#.#..# #........#.########.##
#.#.#W.###......#.#.# #...#
##.#.#..##....#.#....# #...#
.....#W.##....#.#....# #...#
##.###..........#....#######...##
........##.######....#....##.....
......####.######....#.##.###....
...#.....(..55WW@ยง...#)##.###....
####..####.#######.###.##.##.....
#..# #.##...##W# #.##.####... #..#
#.##...##.# #.##.# #... #..#
#5##<..##.# #.##.# #... #..#
#.##...##.# #.##.# #... ####..#
#.##...5..# #(##.####...
......####.##..W######...........
........##.##....................


You could see Morgon's ghost, hawla's ghost, a friendly crimson imp (summoned)
and a friendly white imp (summoned).

Vanquished Creatures
  The ghost of hawla the Slasher, an amateur MiFi (D:3)
  The ghost of mrw3rdna the Skirmisher, an amateur GrMo of Elyvilon (D:3)
  3 wights (D:3)
  A gnoll (D:1)
  9 adders
  2 worms
  3 dart slugs
  5 leopard geckos
  5 orcs (D:3)
  A ball python (D:3)
  4 giant cockroaches
  3 goblins
  11 hobgoblins
  10 bats
  8 frilled lizards
  8 kobolds
  16 rats
91 creatures vanquished.

Notes
Turn   | Place    | Note
-------+----------+-------------------------------------------
     0 | D:1      | pokeman the Deep Elf Wizard began the quest for the Orb.
     0 | D:1      | Reached XP level 1. HP: 10/10 MP: 7/7
   422 | D:1      | Reached XP level 2. HP: 15/15 MP: 3/9
  1055 | D:1      | Reached XP level 3. HP: 14/20 MP: 1/11
  1060 | D:1      | Learned a level 3 spell: Mephitic Cloud
  1063 | D:1      | Learned a level 2 spell: Call Imp
  1066 | D:1      | Learned a level 2 spell: Blink
  1070 | D:1      | Learned a level 3 spell: Conjure Flame
  2075 | D:2      | Reached XP level 4. HP: 19/24 MP: 3/12
  2355 | D:2      | Reached skill level 1 in Armour
  2411 | D:2      | Reached skill level 1 in Fighting
  2861 | D:3      | Reached skill level 5 in Spellcasting
  2861 | D:3      | Reached skill level 1 in Fire Magic
  2861 | D:3      | Reached skill level 1 in Poison Magic
  2974 | D:3      | Found a radiant altar of Vehumet.
  2993 | D:3      | Reached skill level 1 in Air Magic
  3201 | D:3      | Became a worshipper of Vehumet
  3247 | D:3      | Reached XP level 5. HP: 27/29 MP: 6/14
  4197 | D:3      | Found a runed translucent gate.
  4197 | D:3      | Found a runed translucent gate.
  4197 | D:3      | Found a runed translucent gate.
  4209 | D:3      | Noticed hawla's ghost (novice MiBe)
  4209 | D:3      | Noticed Morgon's ghost (amateur HaAK)
  4209 | D:3      | Noticed mrw3rdna's ghost (amateur GrMo)
  4209 | D:3      | Noticed hawla's ghost (amateur MiFi)
  4631 | D:3      | Reached XP level 6. HP: 34/34 MP: 1/16
  4750 | D:3      | Reached skill level 6 in Spellcasting
  5049 | D:3      | Killed hawla's ghost
  5059 | D:3      | Killed mrw3rdna's ghost
  5059 | D:3      | Reached XP level 7. HP: 39/39 MP: 10/19
  5301 | D:3      | Slain by hawla's ghost

Illustrated notes

Levels and vault maps discovered:
D:1:      lightli_arrival_quake, layout_basic
D:2:      layout_basic, minmay_nonomino_d4
D:3:      layout_basic, vehumet_crystals, gammafunk_ghost_cemetery

Skill      XL: |  1  2  3  4  5  6 |
---------------+-------------------+-----
Stealth        | 3 |  3.0
Dodging        | 3 |  3.0
Armour         | 1 |  1.0
Fighting       | 1 |  1.7
Conjurations   | 2 3 4 |  4.1
Spellcasting   | 5 6 |  6.6
Fire Magic     | 1 2 |  2.1
Poison Magic   | 1 |  1.0
Air Magic      | 1 2 |  2.1
Summonings     | |  1.1
Translocations | |  1.1

Action                   |  1- 3 |  4- 6 |  7- 9 || total
-------------------------+-------+-------+-------++-------
Melee: Mace              |    28 |    22 |       ||    50
 Fire: Arbalest          |       |    21 |     4 ||    25
 Cast: Magic Dart        |   114 |   149 |       ||   263
       Conjure Flame     |       |     7 |     2 ||     9
       Call Imp          |       |     5 |     3 ||     8
  Use: Potion            |       |     3 |       ||     3
  Eat: Chunk             |     3 |     8 |       ||    11
       Ration            |       |       |     1 ||     1
Armor: Robe              |     5 |       |       ||     5
       Leather armour    |    10 |    13 |       ||    23
Dodge: Dodged            |    39 |    38 |     1 ||    78
